[Event "Late-Titled-Tuesday-Blitz-January-16-2024"]
[Site "Chess.com"]
[Date "2024.01.16"]
[Round "9"]
[White "Rodalquilar"]
[Black "only_strong_moves"]
[Result "1-0"]
[WhiteElo "2733"]
[BlackElo "2568"]
[TimeControl "180+1"]
[EndTime "15:47:27 PST"]
[Termination "Rodalquilar won by resignation"]

1. d4 Nf6 2. Nf3 e6 3. Bf4 d5 4. e3 c5 5. Nbd2 Nc6 6. c3 Nh5 7. Bg5 f6 8. Ne5 g6 9. g4 Ng7 10. Nxc6 bxc6 11. Bh6 cxd4 12. cxd4 e5 13. dxe5 fxe5 14.
Be2 Qh4 15. g5 Nf5 16. Bxf8 Rxf8 17. Nf3 Qb4+ 18. Qd2 Qxd2+ 19. Kxd2 e4 20. Ne5 Nh4 21. Nxc6 Rxf2 22. Raf1 Nf3+ 23. Kd1 Rxe2 24. Kxe2 Ba6+ 25. Kf2 Bxf1 26. Rxf1 Rc8 27. Nb4 Rc5 28. Rd1 a5 29. Nxd5 Rc2+ 30. Kg3 Nxg5 31. h4 Ne6 32. Nf6+ Ke7 33.
Nxe4 Rxb2 34. Nc3 Rc2 35. Nd5+ Kf7 36. Rb1 Nc5 37. Rb5 a4 38. Ra5 Ne4+ 39. Kf4 Nc5 40. Ke5 g5 41. hxg5 Kg6 42. Nf4+ Kxg5 43. Kd4 Kg4 44.
Rxc5 Rxa2 45. Rc7 Kf3 46. Nd3 h5 47. Rf7+ Kg4 48. Ne5+ Kg5 49. Ra7 h4 50. Rh7 Rd2+ 51.
Ke4 a3 52. Nf3+ Kg4 53. Rxh4+ Kg3 54. Nxd2 Kxh4 55. Nb3 Kg5 56. Ke5 Kg6 57. Ke6 Kg7 58. e4 Kf8 59. Kd7 Kf7 60. e5 1-0

[Event "Late-Titled-Tuesday-Blitz-January-16-2024"]
[Site "Chess.com"]
[Date "2024.01.16"]
[Round "9"]
[White "ozates"]
[Black "Byniolus"]
[Result "0-1"]
[WhiteElo "2598"]
[BlackElo "2765"]
[TimeControl "180+1"]
[EndTime "15:47:32 PST"]
[Termination "Byniolus won by resignation"]

1. e4 d5 2. exd5 Nf6 3. Nf3 Nxd5 4. d4 Bg4 5. c4 Nb6 6. c5 N6d7 7.
Qb3 Nc6 8. Be3 Bxf3 9. gxf3 e5 10. d5 Nd4 11. Bxd4 exd4 12. c6 bxc6 13. dxc6 Nc5 14. Qc4 Bd6 15. Nd2 Qe7+ 16. Kd1 O-O 17. Bd3 Rab8 18. b3 Rb4 19. Qxb4 Nxd3 20. Qxd4 Be5 21.
Qxd3 Bxa1 22. Re1 Qf6 23. Re4 Rd8 24. Qe3 Qxc6 25. Ke2 g6 26. Nc4 Bf6 27. Kf1 Kg7 28. Kg2 Rd5 29. h4 Rh5 30. Ne5 Qd5 31. Ng4 Ba1 32.
Qxa7 Rxh4 33. Ne3 Qh5 34. Rxh4 Qxh4 35. Qxc7 Qg5+ 36. Qg3 Qf6 37. a4 h5 38. f4 Bd4 39.
Qg5 Qc6+ 40. Kh2 Bf6 41. Nf5+ Kg8 42. Ne7+ Bxe7 43. Qxe7 Qf3 44. Qh4 Qxb3 45. a5 Qa2 46. Qd8+ Kg7 47. Qb6 h4 48. a6 Qa3 49. a7 h3 50.
Qd4+ Kh7 51. Qd7 Kg7 52. Qd4+ Kh7 53. Qd7 Kg7 54. Qc7 Qf3 55. Qe5+ Kh7 56. a8=Q Qxa8 57.
Kxh3 Qf3+ 58. Kh2 Qxf2+ 59. Kh3 Qf3+ 60. Kh2 Qh5+ 61. Qxh5+ gxh5 62. Kg3 Kh6 63. Kh4 Kg6 64. f5+ Kxf5 65. Kxh5 Ke4 66. Kg4 f5+ 0-1

[Event "Late-Titled-Tuesday-Blitz-January-16-2024"]
[Site "Chess.com"]
[Date "2024.01.16"]
[Round "9"]
[White "TigrVShlyape"]
[Black "Polish_fighter3000"]
[Result "1/2-1/2"]
[WhiteElo "2948"]
[BlackElo "3089"]
[TimeControl "180+1"]
[EndTime "15:47:35 PST"]
[Termination "Game drawn by repetition"]

1. e4 c5 2. Nf3 d6 3. d4 cxd4 4. Nxd4 Nf6 5. Nc3 a6 6. a4 e5 7. Nf3 Be7 8. Bc4 Be6 9. Bb3 Nbd7 10. Be3 h6 11. O-O O-O 12. Qe2 Rc8 13. Rfd1 Rxc3 14. bxc3 Nxe4 15. Bxe6 Nxc3 16. Qc4 Nxd1 17. Rxd1 fxe6 18.
Qxe6+ Kh8 19. Rb1 b6 20. h3 Qe8 21. Bxb6 Rf6 22. Qd5 Nxb6 23. Rxb6 Qxa4 24. Rb7 Bf8 25. c4 Qc2 26. Nd2 Qd1+ 27. Kh2 Rxf2 28. Rb8 a5 29. Qxd6 Qxd2 30. Rxf8+ Kh7 31. Qxd2 Rxd2 32. Ra8 Ra2 33. Re8 Re2 34. Ra8 Kg6 35. Rxa5 Kf5 36.
Ra8 Rc2 37. Rc8 h5 38. Kg3 g5 39. h4 Rc3+ 40. Kf2 gxh4 41. c5 Kf4 42. Rf8+ Ke4 43. Rc8 Rc2+ 44. Kf1 Ke3 45. Kg1 e4 46. c6 Ke2 47. c7 e3 48. Kh2 Rc1 49. g3 hxg3+ 50. Kxg3 Rc4 51. Kh3 h4 52. Kg2 Rg4+ 53. Kh3 Rg7 54.
Kxh4 Re7 55. Kg3 Ke1 56. Kg2 e2 57. Kg1 Rg7+ 58. Kh2 Rf7 59. Kg2 Re7 60. Kg1 Rh7 61.
Kg2 Rf7 62. Kg1 Rf1+ 63. Kg2 Rf7 64. Kg1 Re7 65. Kg2 Rd7 66. Kg1 Rg7+ 67. Kh2 Rh7+ 68. Kg2 Rd7 69. Kh2 Re7 70. Kg2 Rh7 71. Kg1 Rf7 72.
Kg2 Re7 1/2-1/2

[Event "Late-Titled-Tuesday-Blitz-January-16-2024"]
[Site "Chess.com"]
[Date "2024.01.16"]
[Round "9"]
[White "bescmelasti"]
[Black "Msb2"]
[Result "0-1"]
[WhiteElo "2696"]
[BlackElo "3022"]
[TimeControl "180+1"]
[EndTime "15:47:36 PST"]
[Termination "Msb2 won by resignation"]

1. e4 e6 2. d4 d5 3. Nc3 Nf6 4. e5 Nfd7 5. f4 c5 6. Nf3 Nc6 7. Be3 a6 8. Qd2 b5 9. a3 Qa5 10. dxc5 Bxc5 11. Bxc5 Nxc5 12. Nd4 Nxd4 13. Qxd4 Ne4 14.
b4 Qc7 15. Nxe4 dxe4 16. c4 O-O 17. Rc1 Rd8 18. Qe3 bxc4 19. Bxc4 Qd7 20. O-O Bb7 21. Be2 Qd2 22. Qxd2 Rxd2 23. Rc7 Rxe2 24. Rxb7 Rd8 25.
Rf2 Re3 26. Rd2 Red3 27. Re2 e3 28. g3 Rxa3 29. Kg2 h5 30. Kf3 Rd2 31. Rb6 Rxe2 32. Kxe2 Kh7 33. h3 h4 34. g4 Ra2+ 35. Kxe3 Rh2 36.
Rxa6 Rxh3+ 37. Ke4 Rb3 38. Ra4 g5 39. fxg5 Kg6 40. Kf4 h3 41. Ra8 h2 42. Rh8 Rxb4+ 43.
Kg3 Kxg5 44. Rh5+ Kg6 45. Rxh2 Re4 46. Rh5 Re1 47. Kf4 Rf1+ 48. Kg3 Kg7 49. Rg5+ Kf8 50. Rh5 Ke7 51. Kg2 Ra1 52. Rh7 Ra3 53. Kf2 Kf8 54.
Rh8+ Kg7 55. Rh5 Kg6 56. Kg2 Rd3 57. Kf2 Rc3 58. Kg2 Kg7 59. Kf2 Kf8 60. Kg2 Ke8 61. Rh7 Re3 62. Rh5 Kd7 63. Kf2 Re4 64. Kf3 Re1 65.
Rh7 Kc6 66. Kf4 Kd5 67. Rh5 Kd4 68. Rh7 Rf1+ 69. Kg3 Kxe5 70. Rh5+ Kf6 71. Rh8 Rb1 72. Rd8 Kg5 73. Ra8 Rb3+ 74. Kg2 Kxg4 75. Ra4+ Kf5 0-1

[Event "Late-Titled-Tuesday-Blitz-January-16-2024"]
[Site "Chess.com"]
[Date "2024.01.16"]
[Round "9"]
[White "Ekko_li"]
[Black "WPWPWP-2015"]
[Result "1-0"]
[WhiteElo "2714"]
[BlackElo "2550"]
[TimeControl "180+1"]
[EndTime "15:47:40 PST"]
[Termination "Ekko_li won by resignation"]

1. e4 e5 2. Nc3 Nf6 3. Bc4 Nc6 4.
d3 Be7 5. f4 O-O 6. Nf3 Bb4 7.
fxe5 Ng4 8. O-O Bxc3 9. bxc3 Ngxe5 10. Nxe5 Nxe5 11. Bb3 d6 12. d4 Bg4 13. Qe1 Ng6 14. Qg3 Be6 15. c4 c5 16. d5 Bc8 17.
Bb2 f6 18. h4 Ne5 19. h5 Bd7 20. h6 Qe7 21. a4 a5 22. Rf4 Rf7 23. Raf1 Raf8 24.
Bc3 b6 25. Bd2 Kh8 26. Rh4 g5 27. Rh1 Qe8 28. c3 Bxa4 29. Ba2 Bc2 30. Qe3 Ng4 31.
Qg3 Qxe4 32. Re1 Qd3 33. Qxg4 Qxd2 34. Re2 Qd1+ 35. Kh2 Qd3 36. Rhe1 Qg6 37. Re6 Qxh6+ 38. Kg1 Qg7 39. Rxd6 f5 40. Qf3 Be4 41. Qe3 Qe5 42.
Re6 Qg7 43. Rxb6 Re8 44. Qxc5 Qxc3 45. Qe3 Qxe3+ 46. Rxe3 f4 47. Re1 Rfe7 48. d6 Re5 49.
d7 Rd8 50. Rd6 Re7 51. c5 Rexd7 52. Rxd7 Rxd7 53. Rxe4 Rd1+ 54. Kh2 Rd2 55. Bc4 f3 56.
c6 Rd6 57. c7 Rc6 58. Re8+ Kg7 59. c8=Q Rxc8 60. Rxc8 f2 61. Kg3 f1=Q 62. Bxf1 h5 63. Ra8 Kf6 64. Rxa5 h4+ 65. Kg4 h3 66. gxh3 Kg6 67.
Ra6+ Kf7 68. Kxg5 Ke7 69. Rg6 Kf7 70. h4 1-0

[Event "Late-Titled-Tuesday-Blitz-January-16-2024"]
[Site "Chess.com"]
[Date "2024.01.16"]
[Round "9"]
[White "Hirna2005"]
[Black "sansanathalia"]
[Result "0-1"]
[WhiteElo "2262"]
[BlackElo "2376"]
[TimeControl "180+1"]
[EndTime "15:47:40 PST"]
[Termination "sansanathalia won on time"]

1. e4 c5 2. c3 Nf6 3. e5 Nd5 4. Nf3 d6 5. Bc4 Nb6 6. e6 fxe6 7. Bb3 g6 8. Ng5 c4 9. Bc2 Bg7 10. Qf3 Bf6 11. Nxh7 Kd7 12. Bxg6 Nc6 13. d4 cxd3 14.
Bxd3 Ne5 15. Nxf6+ exf6 16. Qe2 Qg8 17. Be4 d5 18. Bf3 Qg6 19. Na3 a6 20. Be3 Na4 21.
Rd1 b5 22. Bf4 Nxf3+ 23. Qxf3 Nxb2 24. Rxd5+ exd5 25. Qxd5+ Ke8 26. Qxa8 Nd3+ 27. Kd2 Nxf4 28. Qxc8+ Kf7 29. Qc7+ Ke6 30. Qxf4 Rd8+ 31. Kc1 Qd3 32. Re1+ Kf7 33. Nc2 Rd7 34. Qe4 Qd2+ 35. Kb2 b4 36. cxb4 Rc7 37. Qe8+ Kg7 38. Re7+ Rxe7 39. Qxe7+ Kg6 40.
Qe4+ Kg7 41. f4 a5 42. bxa5 Qxa5 43. f5 Qb5+ 44. Qb4 Qe5+ 45. Qc3 Qb5+ 46. Kc1 Qf1+ 47.
Qe1 Qf4+ 48. Qe3 Qf1+ 49. Kb2 Qb5+ 50. Kc3 Qc6+ 51. Kd2 Qd6+ 52. Ke2 Qa6+ 53. Kf2 Qxa2 54. Qg3+ Kf7 55. Qc7+ Kg8 56. h4 Qa4 57. Kg1 Qxh4 58. Qd8+ Kf7 59. Qd7+ Kf8 60. Qe6 Qg5 61. Nd4 Qc1+ 62.
Kf2 Qf4+ 63. Nf3 Qh6 64. Qd6+ Kf7 65. Qd7+ Kf8 66. Nd4 Qf4+ 67. Kg1 Qe3+ 68. Kh1 Qe1+ 69. Kh2 Qh4+ 70. Kg1 Qe1+ 0-1

[Event "Late-Titled-Tuesday-Blitz-January-16-2024"]
[Site "Chess.com"]
[Date "2024.01.16"]
[Round "9"]
[White "Rgoltsman"]
[Black "santosalberto1987"]
[Result "0-1"]
[WhiteElo "2242"]
[BlackElo "2499"]
[TimeControl "180+1"]
[EndTime "15:47:41 PST"]
[Termination "santosalberto1987 won by checkmate"]

1. e4 e6 2. d4 d5 3. Bd3 dxe4 4. Bxe4 Nf6 5. Bf3 Bd6 6. Ne2 O-O 7. O-O e5 8. dxe5 Bxe5 9. Nbc3 c6 10. Bg5 Bf5 11.
Qxd8 Rxd8 12. Ne4 Na6 13. N2g3 Bg6 14. c3 Nxe4 15. Nxe4 f6 16. Be3 Bc7 17. Rad1 Bb6 18. Bf4 Nc5 19. Nd6 Rd7 20. b4 Nd3 21. Bg3 Rad8 22.
Nc4 Bc7 23. Bg4 Re7 24. Bxc7 Rxc7 25. h4 h5 26. Be2 Rcd7 27. Rd2 Nf4 28. Rb2 Nxe2+ 29.
Rxe2 Bd3 30. Rfe1 Bxc4 31. Re7 Bxa2 32. Rxd7 Rxd7 33. Ra1 Bc4 34. Rxa7 Kf7 35. Ra8 Be6 36. Rb8 b5 37. Rc8 Bd5 38. Rb8 Re7 39. f3 Re3 40.
Rd8 Rxc3 41. Rd7+ Kg6 42. Kf2 Rb3 43. g4 Rxf3+ 44. Ke2 hxg4 45. Rd6 Rb3 46. Rd8 Rxb4 47. Rh8 Rb3 48. h5+ Kf7 49. Kd2 Rh3 50. Rh7 g3 51. Ke2 g2 52. Kf2 Rh1 53. h6 g1=Q+ 54. Ke2 Rh2+ 55. Kd3 Bc4+ 56. Ke4 Rh5 57. Rxg7+ Qxg7 58. hxg7 Kxg7 59. Kd4 Rd5+ 60. Ke4 b4 61. Ke3 b3 62. Ke4 b2 63. Ke3 b1=Q 64. Kf4 Ba6 65. Ke3 c5 66. Kf4 c4 67. Ke3 c3 68. Kf4 c2 69.
Ke3 c1=Q+ 70. Kf3 Qf1+ 71. Kg4 f5+ 72. Kg5 f4+ 73. Kg4 f3 74. Kg3 f2 75. Kf4 Qfe1 76.
Kg4 Bc8+ 77. Kg3 f1=Q+ 78. Kh2 Rd2# 0-1

[Event "Late-Titled-Tuesday-Blitz-January-16-2024"]
[Site "Chess.com"]
[Date "2024.01.16"]
[Round "9"]
[White "rasmussvane"]
[Black "alexrustemov"]
[Result "1-0"]
[WhiteElo "2983"]
[BlackElo "2851"]
[TimeControl "180+1"]
[EndTime "15:47:45 PST"]
[Termination "rasmussvane won on time"]

1. Nf3 c5 2. c4 g6 3. d4 Bg7 4. d5 f5 5. Qc2 Nf6 6. Nc3 Na6 7. a3 d6 8. g3 O-O 9. Bg2 Nc7 10. O-O a6 11. a4 b6 12. Re1 Rb8 13. b3 b5 14.
axb5 axb5 15. Bb2 bxc4 16. bxc4 Rb4 17. Nd2 e5 18. dxe6 Bxe6 19. Ba3 Rb8 20. Rad1 Qe7 21. e3 Ng4 22. Ne2 g5 23. Nb3 Ne5 24. Na5 Ra8 25. Qd2 Ra6 26. Bb2 Rxa5 27. Bxe5 dxe5 28. Qxa5 e4 29. Rc1 Ra8 30. Qd2 Ne8 31. Nc3 Rd8 32. Nd5 Qf7 33. Red1 Nd6 34. Qc2 Be5 35. Qa4 Kg7 36.
Qa5 Rc8 37. Bf1 h5 38. Qa6 h4 39. Nf4 Rd8 40. Nxe6+ Qxe6 41. Qc6 Rc8 42. Qd5 Kf6 43.
Qxe6+ Kxe6 44. Be2 h3 45. g4 f4 46. Bf1 f3 47.
Rd5 Rc7 48. Rcd1 Ne8 49. Rb1 Nf6 50. Rdd1 Ke7 51. Bxh3 Ra7 52. Bf1 Ra2 53. h3 Ra7 54. Rb2 Rc7 55. Rb5 Ke6 56. Rb6+ Ke7 57. Ra6 Kf7 58. Rb1 Ke7 59. Rbb6 Kf7 60. Rc6 Rb7 61. Rxc5 Bc3 62. Rf5 Ke7 63. Rxg5 Rb2 64. Rg7+ Kf8 65. Rc7 Be1 66. Ra8+ Ne8 67. Rcc8 Bxf2+ 68. Kh1 Bxe3 69. Rxe8+ Kg7 70. Rxe4 Bc5 71. Ra5 Rb1 72. Rxc5 Rxf1+ 73. Kh2 f2 74. Kg2 1-0

[Event "Late-Titled-Tuesday-Blitz-January-16-2024"]
[Site "Chess.com"]
[Date "2024.01.16"]
[Round "9"]
[White "argentum049"]
[Black "Zampronha1971"]
[Result "1/2-1/2"]
[WhiteElo "2477"]
[BlackElo "2324"]
[TimeControl "180+1"]
[EndTime "15:47:47 PST"]
[Termination "Game drawn - insufficient material"]

1. e4 c5 2. Nf3 e6 3. b3 d5 4. Bb5+ Nc6 5. Bb2 Nf6 6. exd5 exd5 7. O-O Be7 8. d4 O-O 9. dxc5 Bxc5 10. h3 Be6 11. Nc3 Rc8 12. Bxc6 bxc6 13. Na4 Be7 14. Re1 Ne4 15. Nd2 Nxd2 16. Qxd2 c5 17. Rad1 d4 18.
c3 Bf6 19. cxd4 cxd4 20. Bxd4 Bxd4 21. Qxd4 Qxd4 22. Rxd4 Rc2 23. Ra1 Rfc8 24. Kf1 g6 25. Ke1 Kg7 26. Rd2 Bf5 27. Rad1 Re8+ 28. Kf1 Rxd2 29. Rxd2 Rc8 30. Ke2 Rc1 31. f3 Be6 32. Nb2 Rg1 33. Kf2 Ra1 34. Nd3 Kf6 35. Nc5 Bc8 36.
g4 h5 37. Rd8 Rxa2+ 38. Kg3 Be6 39. f4 hxg4 40. hxg4 Ra3 41. Rb8 a5 42. Kh4 Ra1 43. g5+ Kf5 44. Nxe6 Kxe6 45. Rb6+ Ke7 46. Kg4 Rb1 47. Rb5 Kf8 48. Kf3 Kg7 49. Ke4 Ra1 50. Kd4 a4 51. b4 a3 52. Kc3 a2 53. Kb2 Rf1 54. Kxa2 Rxf4 55. Kb3 f6 56. Rb7+ Kg8 57. gxf6 Rxf6 58. b5 g5 59. Kc4 g4 60. Rd7 g3 61.
Rd2 Rf2 62. Rd3 g2 63. Rg3+ Kf7 64. b6 Kf6 65. b7 Rb2 66. Kc5 Rxb7 67. Rxg2 Rg7 68.
Rxg7 Kxg7 1/2-1/2

[Event "Late-Titled-Tuesday-Blitz-January-16-2024"]
[Site "Chess.com"]
[Date "2024.01.16"]
[Round "9"]
[White "wild3000"]
[Black "TEREZANA"]
[Result "1/2-1/2"]
[WhiteElo "2401"]
[BlackElo "2520"]
[TimeControl "180+1"]
[EndTime "15:47:58 PST"]
[Termination "Game drawn by stalemate"]

1. d4 d5 2. Nf3 e6 3. e3 c5 4. Be2 Nf6 5. O-O Nc6 6. a3 cxd4 7. Nxd4 Bd6 8. c4 O-O 9. Nc3 dxc4 10. Nxc6 bxc6 11.
Bxc4 Bb7 12. e4 c5 13. Re1 Nxe4 14. Nxe4 Bxe4 15. Qg4 Bf5 16. Qh5 Qf6 17. Qe2 Rfd8 18. Be3 Rab8 19. b3 Qg6 20. Rad1 Bc2 21. Rc1 Bxb3 22. Bd3 Qf6 23. Qh5 h6 24. Be4 Bd5 25.
Bxd5 exd5 26. Bxc5 Bf4 27. Be3 g6 28. Qf3 Be5 29.
Qxf6 Bxf6 30. Bxh6 Rb3 31. a4 Rdb8 32. Rcd1 d4 33. Bf4 R8b7 34. a5 R7b5 35. Bd2 a6 36.
g3 Kg7 37. h4 Rb2 38. Re4 R5b3 39. Kg2 Rb1 40. Rxb1 Rxb1 41. Bf4 Rb5 42. Bd2 Rd5 43. Kf3 Rf5+ 44. Ke2 Rc5 45. Kd3 Rb5 46. g4 Rb3+ 47. Ke2 Rb5 48. Kd3 Rb3+ 49. Ke2 Ra3 50. g5 Bd8 51.
Rxd4 Bxa5 52. Bxa5 Rxa5 53. f4 Ra3 54. Rc4 a5 55.
Rc5 a4 56. f5 gxf5 57. Rxf5 Ra2+ 58. Kf3 a3 59. Kg4 Ra1 60. Kh5 a2 61. Ra5 Kg8 62.
Ra8+ Kg7 63. Ra7 Kg8 64. Ra6 Kg7 65. Ra7 Kg8 66. Ra6 Kg7 67. Ra5 Kg8 68. Ra7 Kg7 69. g6 Rf1 70. Rxa2 fxg6+ 71. Kg4 Rf7 72. Ra5 Rf8 73.
Kg5 Rf5+ 74. Rxf5 gxf5 75. Kxf5 Kh7 76. Kg4 Kh8 77. h5 Kh7 78. Kg5 Kh8 79. h6 Kh7 80. Kh5 Kh8 81. Kg6 Kg8 82. h7+ Kh8 83. Kh6 1/2-1/2

[Event "Late-Titled-Tuesday-Blitz-January-16-2024"]
[Site "Chess.com"]
[Date "2024.01.16"]
[Round "9"]
[White "RaugintaBulba"]
[Black "reevecanada"]
[Result "1/2-1/2"]
[WhiteElo "2469"]
[BlackElo "2636"]
[TimeControl "180+1"]
[EndTime "15:48:02 PST"]
[Termination "Game drawn - insufficient material"]

1. d4 Nf6 2. c4 c6 3. Nc3 d5 4. Nf3 dxc4 5. a4 Bf5 6. e3 Nbd7 7. Bxc4 Nb6 8. Bd3 Bxd3 9. Qxd3 a5 10. O-O e6 11. Ne5 Bd6 12. f4 O-O 13. Rf3 c5 14. Ne4 Nxe4 15. Qxe4 cxd4 16. exd4 Nd5 17. f5 Nf6 18.
Qxb7 Bxe5 19. dxe5 Qd1+ 20. Rf1 Qd4+ 21. Kh1 Qxe5 22.
Bf4 Qd5 23. Qxd5 Nxd5 24. fxe6 fxe6 25. Be5 Rxf1+ 26. Rxf1 Rc8 27. h3 h6 28. Rf3 Rc4 29.
b3 Re4 30. Bd6 e5 31. Rf5 Re1+ 32. Kh2 Ne3 33. Rxe5 Nf1+ 34. Kg1 Rxe5 35. Bxe5 Nd2 36. b4 axb4 37. a5 Nc4 38. a6 Nb6 39. Bd4 Na8 40. Kf2 Kf7 41. Ke3 Ke6 42. Bxg7 Nc7 43. a7 h5 44. Kd3 Kd5 45. Bf8 b3 46. Bg7 Kc6 47. Be5 Na8 48. Kc3 Kb7 49. Bd4 Nc7 50.
Kxb3 Ne6 51. Kc4 Nf4 52. g4 h4 53. Bf2 Nxh3 54. Bxh4 Kxa7 55. Bg3 Ng5 56. Kd5 Kb7 57. Ke5 Kc6 58. Kf6 Ne4+ 59. Kf5 Nxg3+ 60. Kf4 Ne2+ 61. Kf5 Nc3 62. Kf6 Nd5+ 63. Kf7 Kd6 64. g5 Ne7 65. Kf6 Kd7 66. Kf7 Kd8 67. Kf6 Ke8 68. g6 Ng8+ 69. Kg7 Ne7 70. Kh7 Kf8 71. g7+ Kf7 72. Kh8 Ng8 73. Kh7 Nf6+ 74. Kh8 Ng8 75. Kh7 Ne7 76. Kh6 Kg8 77. Kg5 Nc8 78. Kf4 Nb6 79. Ke3 Na4 80. Kd2 Nb6 81. Kc1 Nd5 82.
Kb1 Nb4 83. Kb2 Nd3+ 84. Ka3 Ne5 85. Kb4 Ng6 86. Kb5 Ne7 87. Kc5 Nf5 88. Kd5 Nh6 89. Ke6 Ng4 90. Kf5 Ne3+ 91. Kg6 Ng2 92. Kh6 Ne1 93. Kg6 Nd3 94. Kh6 Nc5 95. Kg6 Ne6 96. Kh6 Nf4 97. Kg5 Nd5 98. Kg6 Nc7 99. Kh6 Ne8 100.
Kg6 Nd6 101. Kh6 Ne4 102. Kg6 Ng3 103. Kh6 Ne2 104. Kg6 Nf4+ 105. Kh6 Ne6 106. Kg6 Nc5 107. Kh6 Nd7 108. Kg6 Nb6 109. Kh6 Nc4 110. Kg6 Nd6 111. Kh6 Ne8 112. Kg6 Nxg7 1/2-1/2

[Event "Late-Titled-Tuesday-Blitz-January-16-2024"]
[Site "Chess.com"]
[Date "2024.01.16"]
[Round "9"]
[White "Igor_Lysyj"]
[Black "Njal28"]
[Result "1-0"]
[WhiteElo "2882"]
[BlackElo "3004"]
[TimeControl "180+1"]
[EndTime "15:48:05 PST"]
[Termination "Igor_Lysyj won by resignation"]

1. d4 Nf6 2. c4 c5 3. d5 g6 4. Nc3 Bg7 5. e4 d6 6. Nf3 O-O 7. Be2 e6 8. O-O exd5 9. exd5 Bf5 10.
Nh4 Ne4 11. Nxf5 gxf5 12. Bd3 Re8 13. Qf3 Bxc3 14. bxc3 Qf6 15. Rb1 b6 16. Bf4 Qg6 17.
Rbe1 Nd7 18. Re2 Ne5 19. Bxe5 Rxe5 20. Rfe1 Rae8 21. Qf4 Ng5 22. Kf1 Rxe2 23. Rxe2 Rxe2 24. Kxe2 Ne4 25. Bxe4 fxe4 26. g4 h5 27. h3 h4 28.
Ke3 Qg7 29. Kd2 Qg6 30. Ke3 Qg7 31. Kxe4 Qxc3 32. Qg5+ Kh7 33. Qxh4+ Kg6 34. Qh5+ Kg7 35. Qg5+ Kh7 36. Qf5+ Kg8 37. Qg5+ Kf8 38. Qd8+ Kg7 39.
Qxd6 Qxc4+ 40. Kf3 Qd3+ 41. Kg2 Qe4+ 42. Kg3 c4 43. Qc6 Qd3+ 44. f3 Qd4 45. d6 Qe5+ 46. Kg2 Qe2+ 47. Kg3 Qe1+ 48. Kg2 Qd2+ 49. Kg3 c3 50. d7 c2 51. d8=Q Qxd8 52. Qxc2 Qd6+ 53. f4 Qa3+ 54. Kh4 b5 55. g5 Qf3 56. Qb2+ Kg8 57.
Qe5 Qf2+ 58. Kg4 Qxa2 59. Qe8+ Kg7 60. Qxb5 a5 61. Qe5+ Kg8 62. Qe8+ Kh7 63. Qe4+ Kg7 64. h4 Qe6+ 65. Kf3 Qh3+ 66. Ke2 Qg4+ 67. Ke3 Qg1+ 68.
Kd3 Qd1+ 69. Ke3 Qc1+ 70. Kd3 Qa3+ 71. Kd2 a4 72. h5 Qb2+ 73. Kd1 Qb3+ 74. Kd2 Qa2+ 75.
Qc2 Qd5+ 76. Qd3 Qa5+ 77. Qc3+ Qxc3+ 78. Kxc3 f6 79. h6+ Kg6 80. Kb4 fxg5 81. fxg5 a3 82. Kxa3 Kxg5 83. h7 Kg6 84. h8=Q Kf7 85. Qe5 1-0

[Event "Late-Titled-Tuesday-Blitz-January-16-2024"]
[Site "Chess.com"]
[Date "2024.01.16"]
[Round "9"]
[White "Bigfish1995"]
[Black "AntonSmirnov"]
[Result "1/2-1/2"]
[WhiteElo "3082"]
[BlackElo "2974"]
[TimeControl "180+1"]
[EndTime "15:48:08 PST"]
[Termination "Game drawn - insufficient material"]

1. e4 e5 2. Nf3 Nf6 3. d4 Nxe4 4. Bd3 d5 5. Nxe5 Nd7 6. O-O Nxe5 7. dxe5 Nc5 8. Be2 c6 9. Nd2 Be7 10. Nf3 O-O 11. Be3 f6 12. c4 fxe5 13. Nxe5 Qc7 14. f4 Be6 15. cxd5 Bxd5 16. Rc1 Qa5 17. Bc4 Rad8 18.
Qg4 Rf6 19. a3 Ne4 20. Bxd5+ Qxd5 21. Rfd1 Qe6 22. Rxd8+ Bxd8 23. Qxe6+ Rxe6 24. Bxa7 g5 25. Nd3 Rd6 26. Re1 Rxd3 27. Rxe4 gxf4 28. Rd4 Rxd4 29. Bxd4 Kf7 30. Kf2 Ke6 31. Kf3 Kf5 32. a4 Be7 33. b3 h5 34. Bc3 Bd6 35. Bd2 Bc7 36. Be1 Bd6 37. Bc3 Bc7 38. Bd2 Bd6 39. Ba5 Be5 40. Bb6 Bd6 41. Ba7 Bc7 42. Bf2 Bd6 43. Be1 Bc7 44. b4 Bd6 45. Bd2 Be5 46. b5 cxb5 47. axb5 Bd6 48. Bc3 Bc7 49. Bd4 Bd6 50. b6 Bb4 51.
Bf2 Bd2 52. Bc5 Bc3 53. Bd6 Bd2 54. Bc7 Bc1 55. Bd6 Bd2 56. Bb8 Bc1 57. Bc7 Bd2 58.
Ke2 Be3 59. Kd3 Bg1 60. h3 Bh2 61. Kd4 Bg3 62. Kd5 Bh2 63. Bd6 Bg1 64. Bc7 Bh2 65. Bd8 Bg3 66. Be7 Bh2 67. Bc5 Bg3 68. Bg1 Kf6 69.
Ke4 Ke6 70. Bd4 Bh2 71. Be5 Bg1 72. Bc7 Be3 73. Bd8 Kd7 74. Bc7 Kc6 75. Bxf4 Bxb6 76. Kf5 Bd8 77. g4 hxg4 78. hxg4 b5 79. g5 Bxg5 80.
Bxg5 Kd5 81. Bf6 b4 82. Kf4 b3 83. Ke3 b2 84. Bxb2 1/2-1/2

[Event "Late-Titled-Tuesday-Blitz-January-16-2024"]
[Site "Chess.com"]
[Date "2024.01.16"]
[Round "9"]
[White "VerdeNotte"]
[Black "Rud_Makarian"]
[Result "1/2-1/2"]
[WhiteElo "2899"]
[BlackElo "3039"]
[TimeControl "180+1"]
[EndTime "15:48:46 PST"]
[Termination "Game drawn - insufficient material"]

1. Nf3 Nf6 2. g3 b5 3. Na3 c6 4. c4 bxc4 5. Nxc4 d5 6. Nce5 e6 7. Ng5 Qc7 8. Ngxf7 Rg8 9. Bg2 Nbd7 10. d4 Bb4+ 11.
Bd2 Bxd2+ 12. Qxd2 Rf8 13. Nxd7 Bxd7 14. Ne5 Rb8 15.
Rc1 Qb6 16. b3 Qb4 17. Nxc6 Bxc6 18. Rxc6 Kd7 19. Rc3 a5 20. O-O Rfc8 21. Rfc1 Rxc3 22. Qxc3 Qxc3 23. Rxc3 a4 24. f3 Kd6 25. Kf2 axb3 26. Rxb3 Ra8 27. a3 Ra4 28. e3 Nd7 29. Bf1 Ra5 30.
g4 g5 31. Kg3 h6 32. h4 e5 33.
dxe5+ Kxe5 34. hxg5 hxg5 35. f4+ Kf6 36. Bb5 Nc5 37.
Rb4 Rxa3 38. Kf3 Ne6 39. f5 Nd8 40. Be2 Nf7 41. Rb6+ Kg7 42. Re6 Kf8 43. Kf2 Ra4 44. Bf3 d4 45. e4 Ra2+ 46. Ke1 Ra5 47. Be2 Ne5 48. Rd6 d3 49. Bxd3 Nxg4 50. Kd2 Ne5 51.
Rf6+ Kg7 52. Re6 g4 53. Be2 g3 54. Bf1 Nf3+ 55. Ke3 Nh4 56. Kf4 Ra3 57. Kg5 g2 58.
Bxg2 Nxg2 59. Re7+ Kf8 60. f6 Rg3+ 61. Kf5 Nh4+ 62. Ke6 Ng6 63. Ra7 Nf4+ 64. Ke5 Nd3+ 65. Ke6 Nc5+ 66. Kd5 Rg5+ 67. e5 Nd3 68. Ra8+ Kf7 69.
Ra7+ Kf8 70. Re7 Nf4+ 71. Kd6 Rg1 72. Ra7 Rd1+ 73. Kc6 Rc1+ 74. Kd6 Rd1+ 75. Kc6 Ne6 76. Ra8+ Kf7 77. Ra7+ Kg6 78. Re7 Nd4+ 79. Kc5 Nf5 80. Ra7 Rd8 81. Kc6 Nd4+ 82. Kc5 Ne6+ 83. Kc6 Kf5 84.
Ra5 Rd1 85. Rd5 Rc1+ 86. Kd7 Ra1 87. Kd6 Ra6+ 88. Ke7 Ra7+ 89. Rd7 Ra8 90. Rd6 Ng5 91. f7 Ra7+ 92. Rd7 Rxd7+ 93. Kxd7 Nxf7 94. e6 Ne5+ 95.
Kd6 Ng6 96. e7 Nxe7 1/2-1/2

[Event "Late-Titled-Tuesday-Blitz-January-16-2024"]
[Site "Chess.com"]
[Date "2024.01.16"]
[Round "9"]
[White "BilodeauA"]
[Black "FairChess_on_YouTube"]
[Result "1/2-1/2"]
[WhiteElo "2928"]
[BlackElo "3098"]
[TimeControl "180+1"]
[EndTime "15:49:05 PST"]
[Termination "Game drawn by stalemate"]

1. e4 c5 2. Nf3 e6 3. d4 cxd4 4.
Nxd4 Nc6 5. Nc3 a6 6. Nxc6 bxc6 7. Bd3 d5 8. O-O Nf6 9. Qe2 Be7 10. Re1 O-O 11. Bg5 Bb7 12. Rad1 Re8 13. Qf3 Nd7 14. Bxe7 Qxe7 15. Qg3 Nc5 16. e5 Nxd3 17. cxd3 c5 18. h4 Rab8 19. d4 Bc6 20. b3 c4 21. bxc4 dxc4 22.
Kh2 h6 23. Qf4 Rb2 24. Re3 Rc2 25. Rg3 Kh8 26. d5 exd5 27. Nxd5 Qxe5 28. Qxe5 Rxe5 29. Nb4 Ba4 30. Nxc2 Bxc2 31. Rd7 Bg6 32. Rc7 Re2 33. Rf3 Rxa2 34. Rxc4 h5 35. Rcc3 Ra4 36. Kh3 Rb4 37.
Ra3 Rb6 38. Rfc3 Bf5+ 39. Kg3 g6 40. f3 Kg7 41. Rc7 Rd6 42. Rac3 Rd5 43. Ra7 Be6 44. Rxa6 Kf6 45. Ra4 Rb5 46. Rf4+ Kg7 47. Rd4 Ra5 48. Rc7 Rb5 49. Re4 Kf6 50. Rf4+ Kg7 51. Ra4 Kf6 52. Ra6 Rb2 53. Ra4 Rd2 54. Rb4 Re2 55. Rcb7 Rd2 56. Rb2 Rd4 57. R7b4 Rd5 58. Rb5 Rd4 59.
R5b4 Rd3 60. Re2 Ra3 61. Rf4+ Kg7 62. Rd4 Kf6 63. Kf4 Ra1 64. Kg3 Rh1 65. Rf4+ Kg7 66. Rfe4 Rb1 67. Kf4 Rb3 68. g4 hxg4 69. fxg4 Bxg4 70.
R2e3 Rb6 71. Re7 Be6 72. Rc7 Rb4+ 73. Re4 Rxe4+ 74. Kxe4 Kf6 75. Kf4 Kg7 76. Kg5 Bd5 77. Ra7 Be6 78. Ra5 Bc4 79. Kf4 Be6 80. Ke5 Bc4 81.
Kd6 Be6 82. Ke7 Bc4 83. Rg5 Be6 84. Rg1 Kh6 85. Kf6 Kh5 86. Rh1 Kg4 87. Rh2 Kg3 88. h5 gxh5 89. Rxh5 Kf4 90. Rh4+ Ke3 91. Ke5 Kd3 92.
Rf4 Kc3 93. Rf3+ Kc4 94. Rf2 Kc3 95. Ke4 Bc4 96. Rf3+ Kb2 97. Rg3 Be6 98. Kd4 f5 99. Ke5 Bc4 100. Kxf5 Ka1 101. Ke4 Ba2 102. Kd3 Bb1+ 103. Kd2 Ba2 104. Kc2 Bb1+ 105. Kb3 Ba2+ 106. Kc3 Bb1 107. Rg1 Ka2 108. Re1 Ka1 109. Kb3 1/2-1/2

[Event "Late-Titled-Tuesday-Blitz-January-16-2024"]
[Site "Chess.com"]
[Date "2024.01.16"]
[Round "10"]
[White "ChessRook_E"]
[Black "AlexLongson"]
[Result "0-1"]
[WhiteElo "2213"]
[BlackElo "2402"]
[TimeControl "180+1"]
[EndTime "15:51:03 PST"]
[Termination "AlexLongson won by resignation"]

1. e4 e5 2. Nf3 Nc6 3. Bc4 Nf6 4. Nc3 Nxe4 5. Nxe4 d5 6. Nc3 dxc4 7. Qe2 Bd6 8.
Qxc4 O-O 9. O-O Be6 10. d3 Bxc4 11. dxc4 Nd4 0-1